 Dungeon Crawl Stone Soup version 0.30-a0-782-ge64f9170bb (webtiles) character file.

Game seed: 11470996131727441546

56405 theswoord the Cruncher (level 14, -22/113 HPs)
             Began as a Demonspawn Gladiator on Mar 15, 2023.
             Was the Champion of Okawaru.
             Annihilated by an orc warlord
             ... wielding a +0 battleaxe
              (43 damage)
             ... on level 2 of the Orcish Mines on Mar 16, 2023.
             The game lasted 00:27:51 (14496 turns).

theswoord the Cruncher (Demonspawn Gladiator)      Turns: 14496, Time: 00:27:52

Health: -22/113    AC: 23    Str: 20    XL:     14   Next: 41%
Magic:  23/23      EV: 26    Int:  8    God:    Okawaru [******]
Gold:   1473       SH:  4    Dex: 21    Spells: 13/13 levels left

rFire   . . .      SeeInvis +    F - +2 lajatang (pain)
rCold   . . .      Faith    .    (shield currently unavailable)
rNeg    . . .      Spirit   .    v - +1 scale mail
rPois   .          Reflect  .    (helmet unavailable)
rElec   .          Harm     .    e - +2 cloak
rCorr   .          Rampage  .    B - +1 pair of gloves of Absence {Will+ Regen+ Str+3}
Will    ++...                    T - +2 pair of boots {Stlth+}
Stlth   +++                      w - amulet of regeneration
HPRegen 5.98/turn                s - +5 ring of evasion
MPRegen 0.18/turn                q - +5 ring of evasion

@: heroic
A: antennae 3, powered by death 1, sharp scales 2, condensation shield, agile 1
a: Renounce Religion, Heroism, Finesse, Duel


You were on level 2 of the Orcish Mines.
You worshipped Okawaru.
Okawaru was exalted by your worship.
You visited 4 branches of the dungeon, and saw 18 of its levels.
You also visited: Ossuary, Bailey and Ice Cave.

You collected 1473 gold pieces.

Inventory:

Hand Weapons
 a - a +0 spectral quarterstaff
 F - a +2 lajatang of pain (weapon)
 P - a +5 quarterstaff of speed
Missiles
 d - 10 javelins (quivered)
 R - a silver javelin
Armour
 b - a +0 leather armour
 c - a +0 helmet
 e - a +2 cloak (worn)
 i - an orb of mayhem
 p - a +2 pair of gloves
 v - a +1 scale mail (worn)
 B - the +1 pair of gloves of Absence (worn) {Will+ Regen+ Str+3}
   (You found it on level 6 of the Dungeon)

   Str:       It affects your strength (+3).
   Regen:     It increases your rate of health regeneration.
   Will:      It increases your willpower.
 L - the +1 hat "Ycziesum" {Slay+3}
   (You acquired it on level 8 of the Dungeon)

   Slay:      It affects your accuracy & damage with ranged weapons and melee
   (+3).
 M - a +0 cloak
 T - a +2 pair of boots of stealth (worn)
Jewellery
 q - a +5 ring of evasion (right hand)
 s - a +5 ring of evasion (left hand)
 w - an amulet of regeneration (around neck)
 x - a ring of positive energy
 N - a ring of see invisible
 V - an amulet of faith
 W - a ring of fire
 X - an amulet of guardian spirit
Wands
 E - a wand of roots (7)
 K - a wand of digging (2)
 Q - a wand of paralysis (4)
Scrolls
 f - 6 scrolls of amnesia
 g - 2 scrolls of teleportation
 r - a scroll of blinking
 y - 2 scrolls of fog
 C - 3 scrolls of poison
 D - 5 scrolls of vulnerability
 J - 5 scrolls of immolation
 O - a scroll of fear
 S - 2 scrolls of enchant armour
 U - a scroll of magic mapping
Potions
 h - 6 potions of haste
 j - 4 potions of attraction
 k - 3 potions of brilliance {unknown}
 l - 2 potions of resistance {unknown}
 m - 2 potions of mutation
 n - 7 potions of heal wounds
 o - 7 potions of curing {unknown}
 t - 2 potions of invisibility
 u - a potion of magic {unknown}
 z - 3 potions of degeneration
 A - 5 potions of lignification
 G - a potion of ambrosia {unknown}
 H - a potion of flight {unknown}
 I - a potion of might


   Skills:
 + Level 11.0(16.0) Fighting
 - Level 14.0(19.0) Staves
 - Level 1.7(6.7) Throwing
 + Level 9.9(14.9) Armour
 + Level 4.2(9.2) Dodging
 + Level 11.2 Necromancy
 - Level 13.1 Invocations


You had 13 spell levels left.
You didn't know any spells.
Your spell library contained the following spells:

 Spells                   Type           Power      Damage    Failure   Level
 Freeze                   Ice            0%         1d3       67%         1
 Magic Dart               Conj           0%         1d3       67%         1
 Shock                    Conj/Air       0%         1d3       67%         1
 Searing Ray              Conj           0%         2d4       80%         2
 Frozen Ramparts          Ice            0%         1d1       95%         3
 Hailstorm                Conj/Ice       0%         3d3       95%         3
 Ozocubu's Armour         Ice            0%         N/A       95%         3
 Fulminant Prism          Conj/Hex       0%         3d5       100%        4
 Storm Form               Tmut/Air       0%         N/A       100%        7
 Polar Vortex             Ice            0%         N/A       100%        9


Dungeon Overview and Level Annotations

Branches:
Dungeon (10/15)            Temple (1/1) D:5            Lair (5/5) D:10
 Shoals (0/4) Lair:2        Snake (0/4) Lair:3        Slime (0/5) Lair:5
    Orc (2/2) D:10            Elf (0/3) Orc:2       Ossuary (visited)
 Bailey (visited)           IceCv (visited)

Altars:
Ashenzari
Cheibriados
Dithmenos
Fedhas
Gozag
Hepliaklqana
Kikubaaqudgha
Makhleb
Nemelex Xobeh
Okawaru
Qazlal
Ru
Sif Muna
Trog
Uskayaw
Vehumet
Wu Jian
Xom
Yredelemnul
Jiyva
Lugonu

Shops:
D:7 *   D:9 *   D:10 [?((   Orc:2 *[=

Portals:
Abyss: Lair:5
Trove: D:10 (give 7 scrolls of blinking)

Annotations:
D:3 2 transporters, hackum's ghost, amateur TrHu
D:5 2 transporters
D:7 3 runed translucent doors, emiel's ghost, novice GnEE; gengaozo's ghost, novice TeCj; tilp's ghost, novice MeFi
Lair:2 exclusion: oklob plant
Lair:4 1 runed translucent door, Ynkajoad's ghost, journeyman DrEE


Innate Abilities, Weirdness & Mutations

You have a pair of large antennae on your head. (SInv)
You regenerate a little health from kills.
You are mostly covered in razor-sharp scales. (AC +2, Slay +2)
A meltable shield of frost defends you. (SH +4)
You are agile. (Dex +4, Str/Int -1)


Message History

* * * LOW HITPOINT WARNING * * *
The orc wizard mumbles some strange words.
The orc wizard flickers and vanishes for a moment.
The chaos spawn ululates chillingly with its many mouths.
You hit the orc knight.
The orc knight writhes in agony!
The orc priest invokes the aid of Beogh against you.
Beogh smites you!
* * * LOW HITPOINT WARNING * * *
The orc knight closely misses you.
The orc warlord roars a battlecry!
The orcs go into a battle-frenzy!
You completely miss the orc knight.
You feel much better.
The orc warlord roars a battlecry!
The orc knight hits you with a +0 broad axe!
* * * LOW HITPOINT WARNING * * *
You barely miss the orc knight.
The hellwing disappears in a puff of smoke!
The orc knight completely misses you.
You hit the orc knight.
The orc knight writhes in agony.
The orc high priest says, "Oblivion to the unbeliever."
The orc knight hits you with a +0 broad axe!
* * * LOW HITPOINT WARNING * * *
You slash the orc knight!
The orc knight writhes in agony.
The smoke demon gestures at you. Beogh smites you!
* * * LOW HITPOINT WARNING * * *
The orc knight hits you with a +0 broad axe!
* * * LOW HITPOINT WARNING * * *
You closely miss the orc knight. You slash the orc knight!
You kill the orc knight!
Okawaru accepts your kill.
You hit the orc warlord but do no damage.
The orc warlord writhes in agony.
The orc priest calls down the wrath of Beogh upon you.
Beogh smites you!
* * * LOW HITPOINT WARNING * * *
The orc warlord hits you with a +0 battleaxe!!!
You die...

..###...## ****,**,,,,,,,,,,,,,,
P.#..#...# *,,,,P......,,,,,,,
.P....#.## **,,,.......,,,,,,,
.......## **,,....∩..,,,,,*,
P.....## **{{{{.3.8,,,,,,,
......## *{{{{{...,,,,,,,
.......# *{ooooo..,,,,,*,
...$..#############ooo.o..,,,,,,*
......#.........@ooohoO3..,,*,,**
......)).##########o4###oo,,,,,<,
#.....#.## *### *o,,,,,,,,
###..#### **,*,,,,,* ####
****,*,** ****** *, ** *


You could see an orc warlord (strong), 2 orc knights, an orc high priest
(strong), an orange demon (summoned), a smoke demon (summoned), a warg, an orc
sorcerer (strong), 4 orc warriors, an ogre, an orc priest (strong), an orc
wizard (strong, invisible) and an orc (strong).

Vanquished Creatures
  Gastronok (D:9)
  4 hydras
  2 two-headed ogres (D:10)
  A boulder beetle (Lair:4)
  6 death yaks (Lair:5)
  An orc high priest (Bailey)
  4 thrashing horrors (Lair:5)
  Amaemon (Lair:2)
  Urug (Orc:2)
  5 orc knights
  2 oklob plants (D:10)
  3 orc sorcerers
  An ugly thing (Lair:5)
  A manticore (Lair:2)
  8 elephants
  3 black mambas
  Maurice (D:8)
  A smoke demon (Lair:5)
  2 torpor snails
  6 cane toads
  2 ice statues (IceCv)
  An orange demon (Lair:2)
  8 komodo dragons
  4 rime drakes
  A kobold demonologist (Bailey)
  3 polar bears
  3 ancient zymes (Lair:5)
  2 ice devils (IceCv)
  4 trolls
  A wind drake (Lair:2)
  A hornet (D:9)
  A wind drake (shapeshifter) (Lair:5)
  Prince Ribbit (D:5)
  14 blink frogs (Lair:5)
  2 spriggans (Lair:5)
  A wraith (D:10)
  A large abomination (Lair:5)
  Sigmund (D:3)
  5 wyverns
  A vampire (D:10)
  2 ynoxinuls (Lair:5)
  55 yaks
  7 basilisks
  10 small abominations (Lair:5)
  A chaos spawn (Lair:5)
  A steam dragon (D:9)
  2 death yak simulacra (IceCv)
  3 nagas (Lair:3)
  A warg (Orc:2)
  A harpy simulacrum (IceCv)
  A water moccasin (shapeshifter) (Lair:5)
  An acid dragon (D:9)
  15 water moccasins
  26 orc warriors
  An ice beast (D:7)
  A black bear (Lair:1)
  3 sky beasts
  2 centaurs
  3 ogres
  8 wolves
  4 phantoms
  3 kobold brigands
  7 bullfrogs
  2 scorpions (D:5)
  3 two-headed ogre simulacra (IceCv)
  A gnoll sergeant (D:9)
  3 necrophages (D:5)
  4 wights (D:8)
  11 killer bees
  An elephant simulacrum (IceCv)
  A howler monkey (D:8)
  5 electric eels (Bailey)
  2 hounds
  A jelly (D:4)
  2 gnoll boudas
  3 orc priests
  3 iguanas
  10 orc wizards
  A spriggan simulacrum (IceCv)
  2 troll simulacra (IceCv)
  9 mummies
  31 gnolls
  5 adders
  2 naga simulacra (IceCv)
  A shadow imp (D:5)
  2 white imps
  An ufetubus (IceCv)
  2 dart slugs
  34 orcs
  4 endoplasms
  2 giant cockroaches (D:1)
  A gnoll zombie (Ossuary)
  18 goblins
  19 hobgoblins
  2 jackals (D:3)
  19 kobolds
  3 quokkas
  4 ball pythons
  7 bats
  4 frilled lizards (D:1)
  A hobgoblin zombie (D:5)
  A kobold zombie (D:5)
  9 orc zombies
  2 rats
507 creatures vanquished.

Vanquished Creatures (others)
  An orc (D:10)
  18 fungi
  16 plants
  4 withered plants (D:7)
39 creatures vanquished.

Grand Total: 546 creatures vanquished

Notes
Turn   | Place    | Note
-------+----------+-------------------------------------------
     0 | D:1      | theswoord the Demonspawn Gladiator began the quest for the
                  | Orb.
     0 | D:1      | Reached XP level 1. HP: 16/16 MP: 1/1
   156 | D:1      | Reached skill level 3 in Staves
   218 | D:1      | Gained mutation: You have a pair of small antennae on your
                  | head. [demonic ancestry]
   218 | D:1      | Reached XP level 2. HP: 22/22 MP: 2/2
   874 | D:2      | Reached XP level 3. HP: 27/27 MP: 3/3
  1100 | D:2      | Reached skill level 4 in Staves
  1561 | D:3      | Found a transporter.
  1565 | D:3      | Noticed hackum's ghost (amateur TrHu)
  1574 | D:3      | Found a transporter.
  1942 | D:3      | Gained mutation: A meltable shield of frost defends you.
                  | (SH +4) [demonic ancestry]
  1942 | D:3      | Reached XP level 4. HP: 33/33 MP: 4/4
  2175 | D:3      | Noticed Sigmund
  2182 | D:3      | Killed Sigmund
  2183 | D:3      | Reached skill level 5 in Staves
  2183 | D:3      | Reached XP level 5. HP: 27/38 MP: 5/5
  2333 | D:3      | Reached skill level 6 in Staves
  2504 | D:4      | Found a sparkling altar of Nemelex Xobeh.
  2516 | D:4      | Gained mutation: You are partially covered in razor-sharp
                  | scales. (AC +1, Slay +1) [demonic ancestry]
  2516 | D:4      | Reached XP level 6. HP: 21/44 MP: 6/6
  2748 | D:4      | Found an ornate altar of the Wu Jian Council.
  2986 | D:4      | Identified the +2 hand axe of Yesterday {spect, rElec}
  3492 | D:5      | Entered Level 5 of the Dungeon
  3513 | D:5      | Reached skill level 7 in Staves
  3520 | D:5      | Gained mutation: You have a pair of antennae on your head.
                  | [demonic ancestry]
  3520 | D:5      | Reached XP level 7. HP: 45/50 MP: 7/7
  3657 | D:5      | Reached skill level 8 in Staves
  3677 | D:5      | Noticed Prince Ribbit
  3704 | D:5      | Killed Prince Ribbit
  3833 | D:5      | Reached skill level 9 in Staves
  3833 | D:5      | Reached XP level 8. HP: 56/56 MP: 8/8
  3835 | D:5      | Found a transporter.
  3947 | D:5      | Found a transporter.
  4016 | D:5      | Found an ancient bone altar of Kikubaaqudgha.
  4040 | D:5      | Found a staircase to the Ecumenical Temple.
  4091 | Temple   | Entered the Ecumenical Temple
  4129 | Temple   | Became a worshipper of Warmaster Okawaru
  4794 | D:6      | Reached skill level 10 in Staves
  4819 | D:6      | Identified the +1 pair of gloves of Absence {Will+ Regen+
                  | Str+3}
  5253 | D:6      | Reached * piety under Okawaru
  5269 | D:6      | Found a sand-covered staircase.
  5353 | Ossuary  | Entered an ossuary
  5380 | Ossuary  | Reached skill level 11 in Staves
  5695 | D:7      | Found an opulent altar of Gozag.
  5696 | D:7      | Found Gozag's Platinum Reserve.
  5761 | D:7      | Reached XP level 9. HP: 57/61 MP: 9/9
  5842 | D:7      | Gained mutation: You occasionally lose the ability to drink
                  | potions when taking damage. [potion of mutation]
  5842 | D:7      | Gained mutation: Armour fits poorly on your strangely
                  | shaped body. [potion of mutation]
  5843 | D:7      | Lost mutation: You occasionally lose the ability to drink
                  | potions when taking damage. [potion of mutation]
  5843 | D:7      | Lost mutation: Armour fits poorly on your strangely shaped
                  | body. [potion of mutation]
  5843 | D:7      | Gained mutation: You are strong-willed. (Will+) [potion of
                  | mutation]
  5843 | D:7      | Gained mutation: Your magical capacity is low. (-10% MP)
                  | [potion of mutation]
  5949 | D:7      | Found a flagged portal.
  5952 | D:7      | Found a runed translucent gate.
  5952 | D:7      | Found a runed translucent gate.
  5953 | D:7      | Found a runed translucent gate.
  5953 | D:7      | Noticed emiel's ghost (novice GnEE)
  5953 | D:7      | Noticed tilp's ghost (novice MeFi)
  5958 | Bailey   | Entered a bailey
  5993 | Bailey   | Noticed an orc knight
  6011 | Bailey   | Killed an orc knight
  6011 | Bailey   | Reached ** piety under Okawaru
  6012 | Bailey   | Reached skill level 12 in Staves
  6030 | Bailey   | Reached skill level 1 in Invocations
  6049 | Bailey   | Reached skill level 1 in Armour
  6086 | Bailey   | Noticed a kobold demonologist
  6095 | Bailey   | Killed a kobold demonologist
  6095 | Bailey   | Reached *** piety under Okawaru
  6144 | Bailey   | Gained mutation: You regenerate a little health from kills.
                  | [demonic ancestry]
  6144 | Bailey   | Reached XP level 10. HP: 70/70 MP: 11/11
  6324 | Bailey   | Found an iron altar of Okawaru.
  6324 | Bailey   | Noticed an orc high priest
  6326 | Bailey   | Noticed an orange demon
  6343 | Bailey   | Acquired a +1 lajatang of pain
  6392 | Bailey   | Killed an orc high priest
  6393 | Bailey   | Reached skill level 1 in Necromancy
  6500 | Bailey   | Reached **** piety under Okawaru
  6550 | Bailey   | Got the Vellum of Air and Hail
  6726 | D:7      | Found a hazy altar of Hepliaklqana.
  6807 | D:7      | Found a shimmering blue altar of Sif Muna.
  6900 | D:7      | Noticed gengaozo's ghost (novice TeCj)
  7384 | D:8      | Reached skill level 5 in Invocations
  7387 | D:8      | Reached skill level 13 in Staves
  7463 | D:8      | Acquired the +1 hat "Ycziesum" {Slay+3}
  7503 | D:8      | Noticed Maurice
  7518 | D:8      | Killed Maurice
  7519 | D:8      | Reached skill level 5 in Fighting
  7706 | D:9      | Noticed Gastronok
  7721 | D:9      | Killed Gastronok
  7721 | D:9      | Received a gift from Okawaru
  7722 | D:9      | Gained mutation: You are mostly covered in razor-sharp
                  | scales. (AC +2, Slay +2) [demonic ancestry]
  7722 | D:9      | Reached XP level 11. HP: 55/80 MP: 14/14
  7783 | D:9      | Reached ***** piety under Okawaru
  8031 | D:9      | Found Jekut's Assorted Antiques.
  8419 | D:10     | Entered Level 10 of the Dungeon
  8451 | D:10     | Found a portal to a secret trove of treasure.
  8497 | D:10     | Reached skill level 5 in Armour
  8504 | D:10     | Reached skill level 5 in Necromancy
  8585 | D:10     | Found Gopn's Magic Scroll Boutique.
  8630 | D:10     | Received a gift from Okawaru
  8695 | D:10     | Noticed a two-headed ogre
  8700 | D:10     | Found a hide-covered altar of Uskayaw.
  8704 | D:10     | Killed a two-headed ogre
  8758 | D:10     | Found Xoint's Antique Armour Shoppe.
  8782 | D:10     | Noticed an oklob plant
  8804 | D:10     | Found a staircase to the Lair.
  8804 | D:10     | Noticed an oklob plant
  8859 | D:10     | Found a staircase to the Orcish Mines.
  8859 | D:10     | Noticed a two-headed ogre
  8884 | D:10     | Killed a two-headed ogre
  8918 | D:10     | Found Hegyon's Weapon Shop.
  9183 | D:10     | Found Vioghihy's Antique Weapon Boutique.
  9189 | D:10     | Identified the +0 kite shield of the Garden {Rampage Will+
                  | rCorr Dex-2}
  9240 | D:10     | Killed an oklob plant
  9309 | D:10     | Killed an oklob plant
  9351 | Lair:1   | Entered Level 1 of the Lair of Beasts
  9367 | Lair:1   | Received a gift from Okawaru
  9563 | Lair:1   | Lost mutation: Your magical capacity is low. (-10% MP)
                  | [potion of mutation]
  9563 | Lair:1   | Lost mutation: You are strong-willed. (Will+) [potion of
                  | mutation]
  9563 | Lair:1   | Gained mutation: You occasionally lose the ability to drink
                  | potions when taking damage. [potion of mutation]
  9563 | Lair:1   | Gained mutation: Your body sometimes deteriorates upon
                  | taking damage. [potion of mutation]
  9564 | Lair:1   | Lost mutation: Your body sometimes deteriorates upon taking
                  | damage. [potion of mutation]
  9564 | Lair:1   | Lost mutation: You occasionally lose the ability to drink
                  | potions when taking damage. [potion of mutation]
  9564 | Lair:1   | Gained mutation: You are agile. (Dex +4, Str/Int -1)
                  | [potion of mutation]
  9587 | Lair:1   | Reached XP level 12. HP: 91/91 MP: 18/18
  9601 | Lair:1   | Received a gift from Okawaru
  9606 | Lair:1   | Reached ****** piety under Okawaru
 10073 | Lair:2   | Identified the +3 ring mail "Eqaritz" {*Corrode Dex+5}
 10105 | Lair:2   | Received a gift from Okawaru
 10215 | Lair:2   | Found a staircase to the Shoals.
 10356 | Lair:2   | Reached skill level 14 in Staves
 10449 | Lair:2   | Noticed Amaemon
 10461 | Lair:2   | Killed Amaemon
 10858 | Lair:3   | Found a staircase to the Snake Pit.
 10946 | Lair:3   | Reached skill level 10 in Invocations
 10971 | Lair:3   | Received a gift from Okawaru
 11409 | Lair:3   | Received a gift from Okawaru
 11431 | Lair:3   | Found a frozen archway.
 11472 | IceCv    | Entered an ice cave
 11540 | IceCv    | Gained mutation: You have a pair of large antennae on your
                  | head. (SInv) [demonic ancestry]
 11540 | IceCv    | Reached XP level 13. HP: 66/99 MP: 21/21
 11972 | Lair:4   | Identified the +10 great sword of Popular Demand {freeze,
                  | rElec Dex+2} (Okawaru gifted it to you on level 4 of the
                  | Lair of Beasts)
 11972 | Lair:4   | Received a gift from Okawaru
 12028 | Lair:4   | Found a runed translucent door.
 12275 | Lair:4   | Found a shimmering altar of Xom.
 12275 | Lair:4   | Noticed Ynkajoad's ghost (journeyman DrEE)
 12275 | Lair:4   | Identified the +0 morningstar of Destiny {chaos, Drain
                  | rF+++ MP+9 Str-4}
 12378 | Lair:4   | Found a runed translucent door.
 12678 | Lair:5   | Entered Level 5 of the Lair of Beasts
 12809 | Lair:5   | Received a gift from Okawaru
 12826 | Lair:5   | Received a gift from Okawaru
 12842 | Lair:5   | Reached skill level 10 in Necromancy
 12846 | Lair:5   | Reached skill level 10 in Fighting
 12864 | Lair:5   | Found a viscous altar of Jiyva.
 12864 | Lair:5   | Found a staircase to the Slime Pits.
 13290 | Lair:5   | Reached XP level 14. HP: 110/111 MP: 18/23
 13460 | Lair:5   | Identified the +6 shortbow "Meosmutav" {drain, Fly rElec
                  | Str-2 Dex+2}
 13622 | Lair:5   | Found a corrupted altar of Lugonu.
 13622 | Lair:5   | Found a one-way gate to the infinite horrors of the Abyss.
 14096 | Orc:1    | Entered Level 1 of the Orcish Mines
 14282 | Orc:2    | Entered Level 2 of the Orcish Mines
 14313 | Orc:1    | Received a gift from Okawaru
 14348 | Orc:2    | Found Rusmium's General Store.
 14369 | Orc:2    | Found Xuafejy's Antique Armour Shop.
 14369 | Orc:2    | Noticed Urug
 14390 | Orc:2    | Killed Urug
 14428 | Orc:2    | Found Keunk's Jewellery Emporium.
 14460 | Orc:2    | Noticed an orc warlord
 14496 | Orc:2    | Annihilated by an orc warlord

Skill      XL: |  1  2  3  4  5  6  7  8  9 10 11 12 13 14 |
---------------+-------------------------------------------+-----
Staves         | 3 4 5 6 7 9 11 12 13 14 | 14.0
Invocations    | 3 6 8 11 13 | 13.1
Armour         | 2 4 5 7 9 |  9.9
Fighting       | 3 5 7 8 10 11 | 11.0
Necromancy     | 4 6 8 10 11 | 11.2
Dodging        | 4 |  4.2
Throwing       | |  1.7

Action                     |  1- 3 |  4- 6 |  7- 9 | 10-12 | 13-15 || total
---------------------------+-------+-------+-------+-------+-------++-------
  Melee: Quarterstaff      |   110 |    93 |   342 |    36 |    52 ||   633
         Lajatang          |       |       |       |   600 |   535 ||  1135
  Throw: Throwing net      |       |     1 |     3 |     2 |       ||     6
         Javelin           |       |       |       |     1 |     2 ||     3
 Invoke: Heroism           |       |       |       |     2 |     4 ||     6
         Finesse           |       |       |       |       |     2 ||     2
  Evoke: Wand              |       |       |       |       |     3 ||     3
    Use: Scroll            |     7 |     2 |     8 |     8 |     4 ||    29
         Potion            |       |     1 |     2 |     4 |     3 ||    10
   Stab: Sleeping          |     2 |       |       |       |       ||     2
         Held in net/web   |       |     1 |     1 |     1 |       ||     3
         Distracted        |       |       |     3 |       |       ||     3
 Armour: Leather armour    |    37 |    10 |       |       |       ||    47
         Scale mail        |       |    15 |    54 |   115 |   139 ||   323
  Dodge: Dodged            |    76 |   111 |   192 |   495 |   483 ||  1357
  Block: Other             |       |    20 |    43 |    90 |    92 ||   245

Levels and vault maps discovered:
D:1:      minmay_arrival_stair_chambers, layout_basic, grunt_decor_arrowhead
D:2:      layout_loops_ring, minmay_box_of_dots
D:3:      layout_loops_ring, gammafunk_ghost_arena, grunt_decor_fettered,
          uniq_sigmund
D:4:      layout_basic, general_overflow_altar, marbit_many_paths,
          mainiacjoe_overflow_surrounded_room
D:5:      layout_basic, gammafunk_temple_overflow_arena,
          minmay_temple_entry_glassed_door, chequers_serial_rivers_large_b,
          minmay_mini_ossuary, uniq_prince_ribbit1
D:6:      layout_basic, nicolae_ossuary_entry_ruins, serial_glass,
          glass_columns_b, glass_columns_c
D:7:      layout_loops_ring, lemuel_crystal_altar, lemuel_blue_sif_altar,
          nicolae_gozag_zags_fifth_avenue, gammafunk_ghost_cemetery,
          enter_bailey_5
D:8:      layout_rooms, mainiacjoe_overflow_alcove_2, uniq_maurice
D:9:      layout_loops_ring, serial_shops, kennysheep_mini,
          minmay_misc_feat_columns, uniq_gastronok
D:10:     layout_long_grid, lemuel_coloured_pillars_altar, dpeg_oklobed_lair,
          david_orc_3, serial_shops, shop, nicolae_shop_statue_plus,
          nicolae_shop_bloodbath_and_beyond, shop, nicolae_trove_entry_diagonal,
          kennysheep_crisscross
Temple:   nicolae_temple_ecumenical_triangle
Lair:1:   layout_cave_shapes, grunt_megastairs_3
Lair:2:   layout_cellular_growth, minmay_shoals_entry_beasts, uniq_amaemon
Lair:3:   layout_cellular_growth, nicolae_snake_entry_squirm,
          portal_ice_cave_entry_animals_and_master, uniq_fannar
Lair:4:   layout_regular_city, ebering_ghost_xom, pf_torpor_hydra
Lair:5:   hellmonk_lair_end_abyssal_woods, layout_regular_city, slime_entry_1,
          serial_bayou_pond_e, chequers_serial_rivers_micro_a
Orc:1:    layout_caves, hangedman_minor_magic
Orc:2:    grunt_orc_gardens, layout_caves, grunt_orc_garden, grunt_orc_garden,
          grunt_orc_garden, grunt_orc_garden, gauntlet_entry_generic,
          mines1_david, uniq_urug
